Unix NetHack Version 5.0.0-0 post-release - last build Jul 19 2026 19:10:59 (3aa4ab31751d3886436d94b585a96704892fd477,branch:main).

Game began 2026-07-25 19:02:29, ended 2026-07-25 19:09:11.

Jinnora, lawful female human Archeologist

                                                                  -----
                                                                  |)>.|
                                                                  |...|
                                              -------------- #####-...|
                                              |............-##    -----
        -----------                           |............|
        |.........+          ------------    #.............|
        |.......<.|          |....@.....|    #|.............#
        |..........######   #|..........|#####--------------
        |.........|     #   #|....*......##
        |.........|     ### #|......d...|#
        -----------       ###.....>.....|#
                            `|..........|#
                             ------------#
                                    `#####

Jinnora the Digger         St:13 Dx:10 Co:14 In:16 Wi:12 Ch:16  Lawful
Dlvl:3  $:42 HP:0(13) Pw:2(2) AC:9  Xp:1/15 T:987 

Latest messages:
 What do you want to throw? [$a or ?*] v
 In what direction? 4
 The rock misses the gas spore.
 What do you want to throw? [$a or ?*] v
 In what direction? 6
 The rock misses the gas spore.
 The little dog picks up a rock.
 What do you want to throw? [$a or ?*] v
 In what direction? 6
 The rock misses the gas spore.
 The little dog drops a rock.
 The little dog picks up a rock.
 The little dog drops a rock.
 You see here 2 rocks.
 v - 2 rocks (7 in total).
 You see here a rock.
 v - a rock (8 in total).
 There is a staircase down to level 4 here.
 You see here a rock.
 v - a rock (9 in total).
 You swap places with your little dog.
 You see here a rock.
 v - a rock (10 in total).
 What do you want to ready? [$a or ?*] v
 v - 10 rocks (in quiver pouch).
 In what direction? 4
 The rock misses the gas spore.
 In what direction? 4
 The rock misses the gas spore.
 You see here 2 rocks.
 v - 2 rocks (in quiver pouch) (10 in total).
 In what direction? 2
 The rock hits the gas spore.
 In what direction? 2
 The rock misses the gas spore.
 In what direction? 2
 The rock misses the gas spore.
 In what direction? 2
 The rock hits the gas spore.
 In what direction? 2
 The rock hits the gas spore.
 In what direction? 2
 The rock hits the gas spore.
 In what direction? 2
 The rock misses the gas spore.
 You kill the gas spore!
 Boom!
 You are caught in the gas spore's explosion!
 It is fatal.
 Do you want your possessions identified? [ynq] (y) q

Inventory:
 Coins    ('$')
  $ - 42 gold pieces
 Weapons  (')')
  a - an uncursed +2 bullwhip (alternate weapon; not wielded)
 Armor    ('[')
  c - an uncursed +0 fedora (being worn)
  b - an uncursed +0 leather jacket (being worn)
 Comestibles  ('%')
  d - 5 uncursed food rations
  t - an uncursed pear
 Scrolls  ('?')
  i - an uncursed scroll of teleportation
 Spellbooks  ('+')
  m - an uncursed spellbook of confuse monster
  p - an uncursed spellbook of healing
  q - a blessed spellbook of sleep
 Potions  ('!')
  j - an uncursed potion of blindness
  n - an uncursed potion of healing
 Wands    ('/')
  o - an uncursed wand of digging (0:7)
 Tools    ('(')
  h - an empty uncursed sack
  e - an uncursed +0 pick-axe (weapon in right hand)
  k - an uncursed tin whistle
  f - an uncursed tinning kit (0:50)
  u - an uncursed towel
 Gems/Stones  ('*')
  l - an uncursed jet stone
  r - an uncursed topaz stone
  g - an uncursed touchstone
  v - 3 uncursed rocks (in quiver pouch)

Jinnora the Archeologist's attributes:

Background:
 You were a Digger, a level 1 female human Archeologist.
 You were lawful, on a mission for Quetzalcoatl
 who was opposed by Camaxtli (neutral) and Huhetotl (chaotic).
 You were right-handed.
 You were in the Dungeons of Doom, on level 3.
 You entered the dungeon 987 turns ago.
 You had 15 experience points, 5 more were needed to attain level 2.

Basics:
 You had 0 out of 13 hit points.
 You had both energy points (spell power).
 Your armor class was 9.
 Your wallet contained 42 zorkmids.
 Autopickup was off.

Final Characteristics:
 Your strength was 13 (limit:18/100).
 Your dexterity was 10 (limit:18).
 Your constitution was 14 (limit:18).
 Your intelligence was 16 (limit:18).
 Your wisdom was 12 (limit:18).
 Your charisma was 16 (limit:18).

Final Status:
 You weren't hungry.
 You were unencumbered.
 You were wielding a pick-axe.
 You had basic skill with pick-axe.

Final Attributes:
 You were fervently aligned.
 You had automatic searching.
 You were lucky.
 You are dead.

Miscellaneous:
 You didn't encounter any bones levels.
 Total elapsed playing time was 6 minutes and 41 seconds.

Major events:
 Turn
    1: Jinnora the lawful female human Archeologist entered the dungeon
  846: entered the Gnomish Mines
  987: killed by a gas spore's explosion

Spells:
 Name                 Level Category     Fail Retention
 sleep                  3   enchantment  100%  76%-100%
 healing                1   healing        2%  76%-100%
 confuse monster        1   enchantment    2%  76%-100%

Skills:
 Fighting Skills
   bare handed combat [Unskilled]
   two weapon combat  [Unskilled]
   riding             [Unskilled]
 Weapon Skills
   dagger             [Unskilled]
   knife              [Unskilled]
   pick-axe           [Basic]
   short sword        [Unskilled]
   saber              [Unskilled]
   club               [Unskilled]
   quarterstaff       [Unskilled]
   sling              [Unskilled]
   dart               [Unskilled]
   boomerang          [Unskilled]
   whip               [Basic]
   unicorn horn       [Unskilled]
 Spellcasting Skills
   attack spells      [Unskilled]
   healing spells     [Unskilled]
   divination spells  [Unskilled]
   matter spells      [Unskilled]

Voluntary challenges:
 Character rerolling was not enabled.
 You were an atheist.
 You never genocided any monsters.
 You never polymorphed an object.
 You never changed form.
 You used no wishes.
Achievements:
 You entered a shop.
 You entered the Gnomish Mines.

 The Dungeons of Doom: levels 1 to 4
    Level 1:
       Some fountains.
    Level 2:
       A potion shop.
    Level 3: <- You were here.
       Stairs down to The Gnomish Mines.
       Final resting place for
          you, killed by a gas spore's explosion.
    Level 4:
 The Gnomish Mines:
    Level 4:


Vanquished creatures:
  a shrieker
 an acid blob
  a gas spore
  a brown mold
  a gnome
  3 geckos
  2 jackals
  2 kobolds
  4 goblins
  5 grid bugs
  a lichen
  2 newts
24 creatures vanquished.

No species were genocided or became extinct.

Game over:
                       ----------
                      /          \
                     /    REST    \
                    /      IN      \
                   /     PEACE      \
                  /                  \
                  |     Jinnora      |
                  |      42 Au       |
                  | killed by a gas  |
                  |     spore's      |
                  |    explosion     |
                  |                  |
                  |       2026       |
                 *|     *  *  *      | *
        _________)/\\_//(\/(/\)/\//\/|_)_______

Goodbye Jinnora the Archeologist...

You died in The Dungeons of Doom on dungeon level 3 with 258 points,
and 42 pieces of gold, after 987 moves.
You were level 1 with a maximum of 13 hit points when you died.

